Map: Deathaura LE

Players

Neeb - Winner!

  • Race: Protoss Protoss
  • Spawn Location: 5:00

Scarlett

  • Race: Zerg Zerg
  • Spawn Location: 11:00

Event: DreamHack SC2 Masters 2020 Summer North America

VOD

Have the link to the VOD?

Description

Time

  • Played on: June 30, 2020, 4:09 p.m.
  • Length: 10:27

All games in this series

Show
View Real Time Build Order
Export as new Build Order

Neeb Protoss - Winner!

Build Orders: 1 Gate Expand, Oracle Opening, Phoenix Opening, Carrier Rush 

Get SALT Encoding   

  12  0:00  Probe  
  13  0:12  Probe  
  14  0:18  Pylon  
  14  0:24  Probe  
  15  0:33  Probe  
  15  0:41  Gateway, Probe  
  17  0:50  Assimilator  
  17  0:51  Probe  
  18  1:03  Probe  
  19  1:15  Probe  
  20  1:25  Nexus  
  20  1:36  Cybernetics Core  
  20  1:40  Probe  
  20  1:46  Assimilator  
  21  1:52  Probe  
  21  1:53  Pylon  
  22  2:01  Probe  
  22  2:02  Adept  
  23  2:09  Probe  
  26  2:19  Probe  
  27  2:23  Stargate  
  27  2:24  Adept  
  27  2:31  Probe  
  30  2:37  Warp Gate  
  30  2:39  Probe  
  30  2:43  Probe  
  32  2:51  Probe  
  32  2:52  Adept  
  32  2:55  Probe  
  36  3:03  Probe  
  37  3:07  Probe  
  37  3:08  Phoenix  
  40  3:15  Probe  
  40  3:19  Probe  
  42  3:20  Pylon  
  42  3:25  Assimilator  
  42  3:27  Assimilator  
  42  3:28  Probe  
  42  3:31  Probe  
  42  3:34  Oracle  
  44  3:38  Pylon, Probe  
  48  3:43  Probe  
  48  3:46  Probe  
  49  3:54  Probe  
  50  3:55  Probe  
  50  3:56  Gateway  
  52  4:06  Probe  
  52  4:07  Probe  
  54  4:10  Fleet Beacon  
  54  4:17  Stargate  
  54  4:18  Probe  
  54  4:20  Probe  
  54  4:23  Pylon  
  56  4:30  Probe  
  57  4:36  Nexus  
  57  4:38  Pylon  
  57  4:42  Pylon  
  57  4:47  Carrier  
  57  4:51  Carrier  
  62  5:05  Probe  
  70  5:07  Probe  
  70  5:11  Sentry  
  70  5:12  Zealot  
  74  5:17  Probe  
  74  5:19  Probe  
  72  5:30  Probe  
  72  5:31  Probe  
  74  5:37  Shield Battery  
  74  5:41  Carrier  
  74  5:42  Probe  
  75  5:43  Probe  
  75  5:44  Adept  
  75  5:45  Adept  
  75  5:49  Probe  
  81  5:54  Carrier, Probe  
  81  5:55  Probe  
  89  6:02  Probe  
  96  6:05  Assimilator  
  96  6:10  Probe x2  
  96  6:11  Assimilator  
  96  6:14  Probe  
  95  6:19  Sentry x2, Pylon  
  95  6:22  Probe x2  
  101  6:32  Forge  
  101  6:33  Twilight Council  
  101  6:37  Probe x3  
  101  6:38  Pylon  
  104  6:43  Gateway  
  104  6:44  Gateway  
  104  6:45  Sentry x2  
  108  6:49  Probe  
  109  6:56  Probe x2  
  111  7:01  Probe  
  111  7:02  Blink  
  111  7:07  Protoss Ground Weapons Level 1  
  112  7:10  Gateway  
  112  7:11  Gateway  
  112  7:17  Gateway  
  112  7:19  Gateway  
  112  7:21  Gateway, Robotics Facility  
  112  7:28  Sentry  
  112  7:29  Sentry  
  116  7:37  Gateway  
  116  7:40  Pylon  
  116  7:41  Pylon  
  116  7:43  Pylon  
  116  7:45  Photon Cannon  
  116  7:58  Stalker  
  116  7:59  Stalker x3  
  116  8:02  Observer  
  124  8:07  Stalker x2  
  124  8:11  Pylon  
  129  8:13  Pylon  
  129  8:14  Warp Prism  
  129  8:15  Pylon  
  131  8:28  Stalker x5  
  131  8:34  Stalker x4  
  145  8:41  Pylon  
  149  8:44  Pylon  
  149  8:58  Stalker x7  
  149  8:59  Stalker  
  165  9:25  Stalker x3  
  165  9:26  Stalker x5  
  181  9:40  Pylon  
  181  9:42  Pylon  
  181  9:48  Pylon  
  181  9:58  Stalker x4  
  189  10:01  Pylon  
  187  10:11  Stalker x2  
  187  10:12  Stalker x3  
Show
View Real Time Build Order
Export as new Build Order

Scarlett Zerg 

Build Orders: Hatch First 

Get SALT Encoding   

  12  0:00  Drone  
  13  0:12  Overlord  
  13  0:17  Drone  
  14  0:31  Drone x2  
  16  0:48  Hatchery  
  15  0:51  Drone  
  15  0:54  Drone  
  17  0:58  Drone  
  18  1:08  Extractor  
  17  1:12  Spawning Pool  
  17  1:16  Drone  
  17  1:20  Drone  
  18  1:30  Drone  
  19  1:39  Drone  
  20  1:49  Drone  
  21  1:59  Queen  
  21  2:00  Zergling x2, Queen, Overlord  
  26  2:09  Metabolic Boost  
  26  2:13  Drone x2  
  28  2:24  Zergling x2  
  28  2:25  Drone  
  30  2:39  Hatchery  
  30  2:40  Zergling x2  
  30  2:42  Drone  
  31  2:45  Queen  
  31  2:50  Overlord  
  33  2:53  Drone  
  34  2:59  Drone x2  
  35  3:08  Drone x4  
  35  3:09  Drone  
  40  3:17  Drone  
  40  3:18  Drone  
  42  3:30  Drone, Overlord  
  43  3:38  Spore Crawler, Queen  
  44  3:42  Spore Crawler, Overlord  
  44  3:43  Drone  
  44  3:50  Drone x5  
  49  3:58  Queen  
  49  4:00  Drone x2  
  53  4:05  Drone  
  53  4:08  Spore Crawler  
  53  4:09  Overlord  
  53  4:13  Drone x2  
  53  4:16  Drone x3  
  58  4:19  Evolution Chamber  
  58  4:20  Drone  
  58  4:21  Overlord  
  58  4:26  Overlord  
  58  4:27  Overlord  
  57  4:31  Zergling x2  
  57  4:32  Zergling x4  
  60  4:39  Zergling x2  
  60  4:40  Zergling x4  
  63  4:52  Drone x10  
  72  4:53  Zerg Melee Weapons Level 1  
  72  4:59  Drone x2  
  74  5:01  Queen  
  74  5:06  Extractor  
  74  5:07  Baneling Nest  
  74  5:09  Drone x3  
  74  5:11  Drone, Extractor  
  74  5:12  Extractor  
  76  5:17  Zergling x2  
  76  5:18  Zergling x6  
  78  5:21  Lair  
  78  5:23  Extractor  
  78  5:24  Drone x2  
  78  5:26  Drone x3  
  81  5:30  Drone  
  81  5:31  Extractor  
  81  5:33  Drone x2  
  83  5:38  Hatchery  
  82  5:45  Drone x5  
  87  5:51  Overlord  
  87  5:53  Drone x3  
  87  5:54  Overlord  
  87  5:55  Roach Warren  
  88  5:57  Zergling x2  
  88  5:59  Overlord  
  89  6:10  Zergling x16  
  96  6:19  Drone x2  
  98  6:28  Spire  
  98  6:31  Queen x3  
  103  6:36  Spore Crawler  
  103  6:37  Hatchery, Spore Crawler  
  103  6:39  Drone x3  
  103  6:53  Zerg Melee Weapons Level 2  
  103  7:01  Hatchery  
  102  7:07  Drone x12  
  114  7:10  Overlord x2  
  112  7:15  Overlord  
  112  7:16  Overlord x5  
  112  7:26  Overlord x2  
  112  7:31  Overlord x3  
  112  7:34  Extractor  
  112  7:35  Unknown, Extractor  
  109  7:37  Unknown, Drone x3  
  111  7:46  Zerg Flyer Weapons Level 1  
  111  7:47  Corruptor x4  
  113  7:53  Drone x8  
  120  8:03  Roach x2  
  120  8:04  Roach  
  120  8:05  Baneling x7  
  126  8:10  Drone x2  
  126  8:12  Centrifical Hooks  
  128  8:16  Roach x2  
  128  8:17  Zergling x2  
  130  8:29  Corruptor x5  
  140  8:39  Ravager x3  
  140  8:40  Ravager x2  
  145  8:42  Overseer  
  145  8:46  Spore Crawler  
  145  8:47  Drone x12  
  156  8:50  Baneling x12  
  156  8:54  Baneling  
  156  8:55  Baneling x5  
  156  8:58  Zergling x4  
  156  8:59  Unknown  
  156  9:02  Zergling x2  
  158  9:03  Zergling x6  
  158  9:13  Zergling x18  
  158  9:15  Zergling x6  
  168  9:30  Zergling x14  
  154  9:39  Roach x2  
  154  9:41  Baneling x23  
  157  9:51  Roach x3, Zergling x4  
  157  9:52  Zergling x2  
  166  9:57  Hatchery  
Tags
 
Add a new tag
Caveats
  • Supply blocks, unpowered buildings, or Contaminate may cause inaccurate times.
  • Supply counts are checked every 10 seconds.